 Dungeon Crawl Stone Soup version 0.31-a0-202-g547052bce9 (webtiles) character file.

Game seed: 14618281500821027982

14 qw the Shooter (level 2, 0/16 HPs)
             Began as a Deep Elf Hunter on June 26, 2023.
             Succumbed to their own poison gas
             ... on level 1 of the Dungeon.
             The game lasted 00:00:11 (597 turns).

qw the Shooter (Deep Elf Hunter)                     Turns: 597, Time: 00:00:11

Health: 0/16       AC:  3    Str:  8    XL:     2   Next: 31%
Magic:  4/4        EV: 12    Int: 13    God:
Gold:   75         SH:  0    Dex: 24    Spells: 1/1 levels left

rFire   . . .        Y - +0 shortbow
rCold   . . .        (shield currently unavailable)
rNeg    . . .        c - +0 leather armour
rPois   .            (no helmet)
rElec   .            (no cloak)
rCorr   .            (no gloves)
SInv    .            (no boots)
Will    .....        (no amulet)
Stlth   ++           h - +6 ring of dexterity
HPRegen 0.22/turn    (no ring)
MPRegen 0.09/turn

%: no passive effects
@: lethally poisoned (0 -> -4)
A: no striking features
a: no special abilities


You were on level 1 of the Dungeon.
You visited 1 branch of the dungeon, and saw 1 of its levels.

You collected 75 gold pieces.


   Skills:
 - Level 1.5 Fighting
 + Level 6.1 Ranged Weapons
 - Level 2.4 Dodging
 - Level 1.2 Stealth


You had one spell level left.
You didn't know any spells.
Your spell library was empty.

Inventory:

Hand Weapons
 Y - a +0 shortbow (weapon)
Armour
 c - a +0 leather armour (worn)
Jewellery
 h - a +6 ring of dexterity (left hand)
Scrolls
 a - a scroll of identify
Potions
 g - a potion of mutation

Dungeon Overview and Level Annotations

Branches:
Dungeon (1/15)

Altars:


Message History

588 ||| READING scroll labelled CIAPHE EFIRR.
As you read the scroll labelled CIAPHE EFIRR, it crumbles to dust.
The air around you briefly surges with heat, but it dissipates.
It was a scroll of immolation.
Done exploring.
589 ||| READING scroll labelled SOIDUX URCHOAG.
The air fills with toxic fumes!
As you read the scroll labelled SOIDUX URCHOAG, it crumbles to dust.
It was a scroll of poison.
Done exploring.
590 ||| READING 2 scrolls of identify.
As you read the scroll of identify, it crumbles to dust.
g - a potion of mutation;
590 ||| IDENTIFYING fuming brown potion Done exploring.
591 ||| DROPPING scroll of butterflies.
You drop a scroll of butterflies.
Done exploring.
(D) Dungeon
Where to? (* - list waypoints, ? - help)
What level of the Dungeon? (default 1, ? - help) Sorry, I don't know how to get there.
Enter note:
Enter note:
Enter note:
Enter note:
Enter note:
Enter note: Really walk into that cloud of poison gas?
You are engulfed in poison gas.
You are poisoned.
You feel very sick.
593 ||| Stepping ~*~*~tactically~*~*~ (cloud).
You feel sick.
You see here a scroll of butterflies.
There is a lethal amount of poison in your body!
You feel sick.
There is a lethal amount of poison in your body!
You feel sick.
There is a lethal amount of poison in your body!
You feel sick.
There is a lethal amount of poison in your body!
You die...

#.....# #.# #.¤¤..#
#.# ###¤### #.# #0#
#.# #0### #.#
#¤..###.########
#¤#......>.#...##
####¤####0¤¤.......##
#¤0¤@¤¤¤0¤0¤.........
####0¤¤0¤¤¤¤.........
######¤0¤........#
##.0.......##
##...#...## #########


There were no monsters in sight!

Vanquished Creatures
  An endoplasm (D:1)
  A giant cockroach (D:1)
  2 hobgoblins (D:1)
  A quokka (D:1)
  4 ball pythons (D:1)
  2 kobolds (D:1)
  3 rats (D:1)
14 creatures vanquished.

Notes
Turn   | Place    | Note
-------+----------+-------------------------------------------
     0 | D:1      | qw the Deep Elf Hunter began the quest for the Orb.
     0 | D:1      | Reached XP level 1. HP: 12/12 MP: 3/3
     0 | D:1      | 0 ||| qw: Version: 0.3-a-22-g0ed2b0b
     0 | D:1      | 0 ||| qw: Game counter: 6006
     0 | D:1      | 0 ||| qw: Melee chars always use a shield: true
     0 | D:1      | 0 ||| qw: God list: Okawaru
     0 | D:1      | 0 ||| qw: Allow faded altars: false
     0 | D:1      | 0 ||| qw: Do Orc after clearing Dungeon:15 true
     0 | D:1      | 0 ||| qw: Do second Lair branch before Depths: true
     0 | D:1      | 0 ||| qw: Lair rune preference: random
     0 | D:1      | 0 ||| qw: Goals: Normal
     0 | D:1      | 0 ||| PLANNING D:1-11
   307 | D:1      | Reached XP level 2. HP: 16/16 MP: 4/4
   312 | D:1      | Reached skill level 6 in Ranged Weapons
   586 | D:1      | 586 ||| UPGRADING to +6 ring of dexterity.
   587 | D:1      | 587 ||| READING 3 scrolls labelled LEPSOHIHIWK.
   588 | D:1      | 588 ||| READING scroll labelled CIAPHE EFIRR.
   589 | D:1      | 589 ||| READING scroll labelled SOIDUX URCHOAG.
   590 | D:1      | 590 ||| READING 2 scrolls of identify.
   590 | D:1      | 590 ||| IDENTIFYING fuming brown potion
   591 | D:1      | 591 ||| DROPPING scroll of butterflies.
   593 | D:1      | 593 ||| Stepping ~*~*~tactically~*~*~ (cloud).
   594 | D:1      | HP: 4/16 [poisoned by you (poison gas)]
   596 | D:1      | HP: 1/16 [poisoned by you (poison gas)]
   597 | D:1      | Succumbed to their own poison gas

Levels and vault maps discovered:
D:1:      nicolae_arrival_somewhat_less_tricky_arrival, layout_rooms

Skill      XL: |  1  2 |
---------------+-------+-----
Ranged Weapons | 6 |  6.1
Fighting       | |  1.5
Dodging        | |  2.4
Stealth        | |  1.2

Action                     || total
---------------------------++-------
   Fire: Shortbow          ||    30
    Use: Scroll            ||     4

Table legend:
 A = Non-vault XP
 B = Vault XP
 C = Vault XP percentage of total XP
 D = Non-vault monster count
 E = Vault monster count
 F = Vault count percentage of total count
                 A         B        C        D         E       F
            +---------+---------+-------+---------+---------+-------
      Total |      21 |       0 |   0.0 |      14 |       0 |   0.0
            +---------+---------+-------+---------+---------+-------
        D:1 |      21 |       0 |   0.0 |      14 |       0 |   0.0
            +---------+---------+-------+---------+---------+-------
